 Dungeon Crawl Stone Soup version 0.31-a0-968-g24f9ace8b5 (webtiles) character file.

Game seed: 8237889165960618829

60 promet the Grave Robber (level 4, 0/22 HPs)
             Began as a Vine Stalker Necromancer on Oct 27, 2023.
             Slain by Terence
             ... wielding a +0 mace
              (4 damage)
             ... on level 2 of the Dungeon.
             The game lasted 00:14:21 (2166 turns).

promet the Grave Robber (Vine Stalker Necromancer)  Turns: 2166, Time: 00:14:21

Health: 0/22       AC:  3    Str: 11    XL:     4   Next: 6%
Magic:  0/9        EV: 12    Int: 17    God:
Gold:   112        SH:  0    Dex: 14    Spells: 4/8 levels left

rFire   . . .        a - +0 short sword (venom)
rCold   . . .        (no shield)
rNeg    . . .        d - +0 robe
rPois   .            (no helmet)
rElec   .            (no cloak)
rCorr   .            (no gloves)
SInv    .            e - +0 pair of boots
Will    .....        (no amulet)
Stlth   ++           (no ring)
HPRegen 1.03/turn    (no ring)
MPRegen 0.11/turn

%: guardian spirit
@: no status effects
A: fangs 2, regeneration 1, magic shield, antimagic bite, no potion heal 2
a: no special abilities


You were on level 2 of the Dungeon.
You visited 1 branch of the dungeon, and saw 4 of its levels.

You collected 112 gold pieces.

Inventory:

Hand Weapons
 a - a +0 short sword of venom (weapon)
 j - a +0 hand axe
Missiles
 c - a throwing net
 i - 3 javelins
 l - 5 poisoned darts
Armour
 d - a +0 robe (worn)
 e - a +0 pair of boots (worn)
Magical Staves
 g - a staff of cold
Scrolls
 m - a scroll of identify
 n - a scroll of teleportation
Potions
 f - a potion of berserk rage {unknown}
 h - 3 potions of curing {unknown}
 k - a potion of enlightenment {unknown}
 o - a potion of ambrosia {unknown}


   Skills:
 * Level 1.2 Fighting
 + Level 0.5 Axes
 + Level 1.7 Dodging
 + Level 2.5 Stealth
 + Level 2.9 Spellcasting
 + Level 4.5 Necromancy


You had 4 spell levels left.
You knew the following spells:

 Your Spells              Type           Power      Damage    Failure   Level
a - Necrotise             Necr           72%        1d7       2%          1
b - Vampiric Draining     Necr           18%        2d7       9%          3

Your spell library contained the following spells:

 Spells                   Type           Power      Damage    Failure   Level
 Apportation              Tloc           4%         N/A       19%         1
 Summon Small Mammal      Summ           8%         N/A       19%         1
 Animate Dead             Necr           18%        N/A       26%         4
 Tukima's Dance           Hex            2%         N/A       47%         3
 Dimensional Bullseye     Hex/Tloc       1%         N/A       87%         4
 Iskenderun's Mystic Bla  Conj/Tloc      2%         2d3       87%         4
 Agony                    Necr           18%        N/A       58%         5


Dungeon Overview and Level Annotations

Branches:
Dungeon (4/15)
 Temple: D:4-7

Altars:

Shops:
D:1 :   D:3 (

Annotations:
D:2 Terence
D:3 Pargi


Innate Abilities, Weirdness & Mutations

You have extremely sharp teeth.
Your natural rate of healing is unusually fast.
When hurt, damage is shared between your health and your magic reserves.
Your bite disrupts and absorbs the magic of your enemies.
Potions cannot restore your health.


Message History

Aiming: Necrotise (safe; 2% risk of failure)
Press: ? - help, Shift-Dir - straight line, f/p - Terence
Aim: Terence, wielding a +0 mace and wearing a +0 scale mail (moderately wounded, very poisoned, chance to affect: 83%) Terence writhes in agony.
Terence hits you with a +0 mace!
Casting: Necrotise (safe; 2% risk of failure)
Confirm with . or Enter, or press ? or * to list all spells.
You don't have enough magic to cast this spell.
Unknown command.
Casting: Necrotise (safe; 2% risk of failure)
Confirm with . or Enter, or press ? or * to list all spells.
You don't have enough magic to cast this spell.
Unknown command.
Magic courses through your body. Terence closely misses you.
Casting: Necrotise (safe; 2% risk of failure)
Confirm with . or Enter, or press ? or * to list all spells.
Okay, then.
Casting: Vampiric Draining (quite dangerous; 9% risk of failure)
Confirm with . or Enter, or press ? or * to list all spells.
Aiming: Necrotise (safe; 2% risk of failure)
Press: ? - help, Shift-Dir - straight line, f/p - Terence
Aim: Terence, wielding a +0 mace and wearing a +0 scale mail (severely wounded, very poisoned, chance to affect: 83%) Terence writhes in agony.
Terence hits you with a +0 mace.
Casting: Necrotise (safe; 2% risk of failure)
Confirm with . or Enter, or press ? or * to list all spells.
Okay, then.
You barely miss Terence.
Terence is severely wounded.
Terence hits you with a +0 mace!
* * * LOW HITPOINT WARNING * * *
Casting: Vampiric Draining (quite dangerous; 9% risk of failure)
Confirm with . or Enter, or press ? or * to list all spells.
You don't have enough magic to cast this spell.
Okay, then.
Casting: Vampiric Draining (quite dangerous; 9% risk of failure)
Confirm with . or Enter, or press ? or * to list all spells.
Aiming: Necrotise (safe; 2% risk of failure)
Press: ? - help, Shift-Dir - straight line, f/p - Terence
Aim: Terence, wielding a +0 mace and wearing a +0 scale mail (severely wounded, very poisoned, chance to affect: 83%) Terence writhes in agony.
Terence hits you with a +0 mace.
You die...

....<# #.......#
#.##### .....#
###...### #.....#
....## ##.###.##
#####.# ....# ##>##
##.## #.#
.#.#######.## ##.#
#.# .#.###.....#
#.# ###.#
........(..##
#.####### #....
######.####.##
##..........##....
# #.# ##.###@@##
#....... # #.#
#....#.# ####.... #
#.# #.####.# #....
# #.# ##.####.#
###.# ######.#
#.......# #.#
......<####..######
#.# ######.......#
##.# #......####.##
#:.# #.###### #.#
#.##


You could see Terence (very poisoned).

Vanquished Creatures
  2 adders (D:2)
  6 endoplasms
  3 goblins
  4 hobgoblins
  A jackal (D:1)
  5 kobolds
  2 quokkas (D:1)
  5 ball pythons
  6 bats
34 creatures vanquished.

Vanquished Creatures (collateral kills)
  A bat (D:1)
  An endoplasm (D:3)
  A jackal (D:1)
  2 rats (D:1)
5 creatures vanquished.

Grand Total: 39 creatures vanquished

Notes
Turn   | Place    | Note
-------+----------+-------------------------------------------
     0 | D:1      | promet the Vine Stalker Necromancer began the quest for the
                  | Orb.
     0 | D:1      | Reached XP level 1. HP: 9/9 MP: 4/4
   325 | D:1      | Reached XP level 2. HP: 13/13 MP: 1/6
   426 | D:1      | Found Letecun's Book Emporium.
   762 | D:1      | Upgraded the game from 0.31-a0-965-g8a8ce12e04 to
                  | 0.31-a0-968-g24f9ace8b5
   848 | D:1      | Reached XP level 3. HP: 17/17 MP: 1/7
   968 | D:1      | Learned a level 3 spell: Vampiric Draining
  1465 | D:2      | Reached skill level 1 in Fighting
  1821 | D:2      | Noticed Terence
  1942 | D:2      | Reached XP level 4. HP: 22/22 MP: 5/9
  1960 | D:2      | You fall into a shaft and drop 2 floors!
  2045 | D:3      | Found Zimur's Weapon Emporium.
  2091 | D:3      | Noticed Pargi
  2166 | D:2      | Slain by Terence

Illustrated notes

Levels and vault maps discovered:
D:1:      amcnicky_arrival_choice, layout_loops_ring, serial_shops, shop,
          serial_bayou_pond_d
D:2:      layout_loops_ring, minmay_misc_feat_rows, uniq_sigmund, uniq_terence
D:3:      layout_basic, cheibrodos_worm_habitat, serial_shops,
          nicolae_shop_tiny_real_fake_doors, nicolae_shop_bloodbath_and_beyond,
          uniq_ijyb, uniq_pargi, uniq_jessica
D:4:      layout_loops_ring, nicolae_overflow_hidden_temple,
          nicolae_uskayaw_suspiria, uniq_eustachio

Skill      XL: |  1  2  3 |
---------------+----------+-----
Fighting       | 1 |  1.2
Axes           | |  0.5
Dodging        | |  1.7
Stealth        | |  2.5
Spellcasting   | |  2.9
Necromancy     | |  4.5

Action                     |  1- 3 |  4- 6 || total
---------------------------+-------+-------++-------
  Melee: Unarmed           |    12 |       ||    12
         Bite              |    11 |       ||    11
         Hand axe          |    20 |       ||    20
         Punch             |     1 |       ||     1
         Short sword       |     9 |     4 ||    13
   Cast: Necrotise         |    40 |     7 ||    47
         Vampiric Draining |       |     1 ||     1
    Use: Scroll            |     2 |     1 ||     3
         Potion            |       |     1 ||     1
   Stab: Sleeping          |       |     1 ||     1
 Armour: Robe              |    46 |     7 ||    53
  Dodge: Dodged            |    46 |     2 ||    48

Table legend: (Time is in decaauts)
 A = Elapsed time spent in this place.
 B = Non-inter-level travel time spent in this place.
 C = Inter-level travel time spent in this place.
 D = Time resting spent in this place.
 E = Time spent auto-exploring this place.
 F = Levels seen in this place.
 G = Mean time per level.
                   A        B        C        D        E       F      G
               +--------+--------+--------+--------+--------+-----+--------+
         Total |   2170 |   2150 |     20 |    593 |    520 |   4 |  542.5 |
       Dungeon |   2170 |   2150 |     20 |    593 |    520 |   4 |  542.5 |
               +--------+--------+--------+--------+--------+-----+--------+

Top non-repeatable levels by time:
     D:1: 1179 daAuts
     D:2: 807 daAuts
     D:3: 112 daAuts
     D:4: 71 daAuts
